 Dungeon Crawl Stone Soup version 0.30-a0-859-gf88a04b62d (webtiles) character file.

Game seed: 1687411913835496950

77 M4edhros the Trooper (level 4, -1/33 HPs)
             Began as an Octopode Chaos Knight on Mar 6, 2023.
             Was a Plaything of Xom.
             Slain by Terence
             ... wielding a +3 flail of venom
              (8 damage)
             ... on level 2 of the Dungeon.
             The game lasted 00:02:00 (6229 turns).

M4edhros the Trooper (Octopode Chaos Knight)        Turns: 6229, Time: 00:02:00

Health: -1/33      AC:  3    Str:  7 (9)  XL:     4   Next: 34%
Magic:  4/4        EV: 14    Int: 15 (17) God:    Xom [...*..]
Gold:   90         SH:  0    Dex: 15 (16) Spells: 3/3 levels left

rFire   . . .      SeeInvis .    a - +0 mace (chaos)
rCold   . . .      Faith    .    (no shield)
rNeg    . . .      Spirit   .    (helmet restricted)
rPois   +          Reflect  .    (no amulet)
rElec   .          Rampage  .    k - ring of willpower
rCorr   .          Clarity  +    (no ring)
Will    ++...                    (no ring)
Stlth   ++                       (no ring)
HPRegen 0.25/turn                (no ring)
MPRegen 0.09/turn                (no ring)
                                 (no ring)
                                 (no ring)

@: no status effects
A: almost no armour, amphibious, 8 rings, camouflage 1, gelatinous body 1,
(nimble swimmer 1), tentacles, iridescent scales 1, agile 1, clarity, clever 1,
strong-willed 1, poison resistance, MP-powered wands
a: Renounce Religion


You were on level 2 of the Dungeon.
You worshipped Xom.
You were a favourite toy of Xom.
You visited 1 branch of the dungeon, and saw 3 of its levels.

You collected 90 gold pieces.

Inventory:

Hand Weapons
 a - a +0 mace of chaos (weapon)
Jewellery
 k - a ring of willpower (left tentacle)
Scrolls
 d - a scroll of amnesia {unknown}
 f - a scroll of silence {unknown}
 l - a scroll of teleportation {unknown}
 m - a scroll of poison {unknown}
 n - a scroll of fear {unknown}
 o - 2 scrolls of identify {unknown}
Potions
 i - a potion of flight
Miscellaneous
 b - a piece from Xom's chessboard (12/15) (quivered)


   Skills:
 + Level 4.1 Fighting
 - Level 3.0 Maces & Flails
 + Level 3.7 Dodging


You had 3 spell levels left.
You didn't know any spells.
Your spell library contained the following spells:

 Spells                   Type           Power      Damage    Failure   Level
 Shock                    Conj/Air       0%         1d3       26%         1
 Ensorcelled Hibernation  Hex/Ice        0%         N/A       38%         2
 Passwall                 Tmut/Erth      0%         N/A       38%         2
 Dazzling Flash           Conj/Hex       0%         N/A       63%         3
 Swiftness                Air            0%         N/A       63%         3
 Airstrike                Air            0%         2d(0-16)  95%         4
 Iskenderun's Mystic Bla  Conj/Tloc      0%         2d3       95%         4
 Starburst                Conj/Fire      0%         6d3       100%        6


Dungeon Overview and Level Annotations

Branches:
Dungeon (3/15)

Altars:

Annotations:
D:2 Terence


Innate Abilities, Weirdness & Mutations

You cannot wear most types of armour.
You are amphibious.
You can wear up to eight rings at the same time.
Your skin changes colour to match your surroundings (Stealth+).
Your rubbery body absorbs attacks. (AC +1, EV +1)
((You are camouflaged when in or above water. (Stealth+)))
You have tentacles for arms and can constrict up to eight enemies at once.
You are partially covered in iridescent scales. (AC +2)
You are agile. (Dex +4, Str/Int -1)
You possess an exceptional clarity of mind.
Your mind is acute. (Int +4, Str/Dex -1)
You are strong-willed. (Will+)
Your system is resistant to poisons. (rPois)
You expend magic power (3 MP) to strengthen your wands.


Message History

The endoplasm freezes you.
You are frozen.
You emit a cloud of colourful smoke!
There is a stone staircase leading down here.
Unknown command.
Unknown command.
Unknown command.
Unknown command.
Unknown command.
You hit the endoplasm.
You kill the endoplasm!
Unknown command.
You make a move on Xom's chessboard...
The goblin suddenly stops moving!
You make a move on Xom's chessboard...
The goblin twists and deforms.
Terence attacks as you move away! Terence closely misses you.
Terence attacks as you move away!
Terence hits you with a +3 flail of venom!
You make a move on Xom's chessboard...
Terence falls asleep!
The helpless Terence fails to defend himself.
You hit Terence but do no damage.
Terence shouts!
Terence seems to grow stronger.
You grab Terence.
You constrict Terence, but do no damage.
Terence closely misses you.
You hit Terence. You burn Terence.
Terence is moderately wounded.
You constrict Terence, but do no damage.
Terence barely misses you.
Terence hits you with a +3 flail of venom!
You hit Terence.
Terence is poisoned.
Your squeeze misses Terence.
Terence is heavily wounded.
You constrict Terence, but do no damage.
Terence hits you with a +3 flail of venom!
* * * LOW HITPOINT WARNING * * *
You hit Terence.
You feel better.
Terence is severely wounded.
You constrict Terence, but do no damage.
Terence hits you with a +3 flail of venom!
You die... "It's all fun and games until someone loses an eye."

..###.....g..g.......
#...........###.#.#####
#.# ##......##..#.@....
#.# #......##.....##.#
###.# #.☼☼..........#...
..#.# #..☼§..#....b.#
#.#.# #.§§§.##..........
#.#.# #@....'...........
#.#.#+##@....#.#.....####
#.#......##.........
#......(.#####.###
##'##.........[#
##...##..[#####@#
##.....##..# #.# #
##.#...#.##.#####.#.#
##.8.8.8.8.##.†......#
#...........###########


You could see Terence (strong, very poisoned).

Vanquished Creatures
  3 adders
  A dart slug (D:2)
  2 ball pythons (D:2)
  5 bats
  4 endoplasms
  5 giant cockroaches
  2 goblins (D:1)
  A hobgoblin (D:1)
  A jackal (D:1)
  9 kobolds
  2 quokkas
  4 frilled lizards
  6 rats
45 creatures vanquished.

Notes
Turn   | Place    | Note
-------+----------+-------------------------------------------
     0 | D:1      | M4edhros the Octopode Chaos Knight began the quest for the
                  | Orb.
     0 | D:1      | Reached XP level 1. HP: 16/16 MP: 1/1
   221 | D:1      | Reached XP level 2. HP: 21/21 MP: 2/2
   234 | D:1      | XOM: smoke on damage
   632 | D:1      | XOM: polymorph jackal -> adder
   635 | D:1      | Reached XP level 3. HP: 26/26 MP: 3/3
   638 | D:1      | XOM: confuse monster(s)
   885 | D:1      | XOM: divination: magic mapping
   957 | D:1      | XOM: silly message
  1688 | D:1      | XOM: divination: detect items
  2022 | D:1      | XOM: give mutations
  2022 | D:1      | Gained mutation: Your system is resistant to poisons.
                  | (rPois) [Xom's grace]
  2022 | D:1      | Gained mutation: You expend magic power (3 MP) to
                  | strengthen your wands. [Xom's grace]
  2022 | D:1      | Gained mutation: You possess an exceptional clarity of
                  | mind. [Xom's grace]
  2022 | D:1      | Gained mutation: You are agile. (Dex +4, Str/Int -1) [Xom's
                  | grace]
  2159 | D:1      | XOM: give mutations
  2159 | D:1      | Gained mutation: Your mind is acute. (Int +4, Str/Dex -1)
                  | [Xom's grace]
  2159 | D:1      | Gained mutation: You are partially covered in iridescent
                  | scales. (AC +2) [Xom's grace]
  2966 | D:1      | XOM: 3-stop teleportation journey
  2995 | D:1      | XOM: give mutation
  2995 | D:1      | Gained mutation: You are strong-willed. (Will+) [Xom's
                  | grace]
  3178 | D:1      | XOM: god gift: silvery potion {god gift}
  3487 | D:1      | XOM: god gift: ring of willpower
  4204 | D:1      | XOM is BORED!
  4430 | D:1      | XOM: noise
  4990 | D:1      | Glimpsed the power of Zot.
  5490 | D:1      | Glimpsed the power of Zot.
  5528 | D:2      | XOM: blink monster(s)
  5560 | D:2      | Noticed Terence
  5565 | D:2      | XOM: 1-stop teleportation journey
  5709 | D:2      | Reached skill level 4 in Fighting
  5709 | D:2      | Reached XP level 4. HP: 31/33 MP: 4/4
  5797 | D:2      | XOM: summons 3 hostile demons
  5984 | D:2      | XOM: 2-stop teleportation journey
  6073 | D:2      | XOM: butterfly on damage
  6218 | D:2      | XOM: smoke on damage
  6229 | D:2      | Slain by Terence

Illustrated notes

Levels and vault maps discovered:
D:1:      kennysheep_arrival_forest, layout_basic
D:2:      layout_basic, dk_noncrumbling_3, grunt_ministairs_2, uniq_terence
D:3:      layout_loops_ring, chequers_ecumenical_altar_grove, uniq_jessica,
          uniq_natasha

Skill      XL: |  1  2  3 |
---------------+----------+-----
Dodging        | 3 |  3.7
Fighting       | 4 |  4.1
Maces & Flails | |  3.0

Action                     |  1- 3 |  4- 6 || total
---------------------------+-------+-------++-------
  Melee: Mace              |    58 |    52 ||   110
         Tentacles         |     7 |     4 ||    11
         Constrict         |    16 |     7 ||    23
  Evoke: Piece from Xom's  |       |     3 ||     3
    Use: Potion            |     1 |     7 ||     8
   Stab: Sleeping          |     7 |     2 ||     9
         Confused          |     1 |       ||     1
         Paralysed         |       |     1 ||     1
 Armour: Skin              |     5 |    58 ||    63
  Dodge: Dodged            |    46 |    50 ||    96

Table legend: (Time is in decaauts)
 A = Elapsed time spent in this place.
 B = Non-inter-level travel time spent in this place.
 C = Inter-level travel time spent in this place.
 D = Time resting spent in this place.
 E = Time spent auto-exploring this place.
 F = Levels seen in this place.
 G = Mean time per level.
                   A        B        C        D        E       F      G
               +--------+--------+--------+--------+--------+-----+--------+
         Total |   6237 |   6135 |    102 |   4743 |   1049 |   3 | 2079.0 |
       Dungeon |   6237 |   6135 |    102 |   4743 |   1049 |   3 | 2079.0 |
               +--------+--------+--------+--------+--------+-----+--------+

Top non-repeatable levels by time:
     D:1: 5502 daAuts
     D:2: 620 daAuts
     D:3: 115 daAuts
